 Dungeon Crawl Stone Soup version 0.27.1-34-g3ba077fa99 (webtiles) character file.

Game seed: 7591641909668303790

226 zeram the Sneak (level 6, -4/44 HPs)
             Began as a Gnoll Enchanter on Jan 8, 2022.
             Killed from afar by an orc wizard (14 damage)
             ... with a puff of flame
             ... on level 3 of the Dungeon.
             The game lasted 00:05:55 (3677 turns).

zeram the Sneak (Gnoll Enchanter)                   Turns: 3677, Time: 00:05:55

Health: -4/44      AC:  2    Str:  7    XL:     6   Next: 1%
Magic:  3/13       EV: 13    Int: 17    God:
Gold:   44         SH:  0    Dex: 12    Spells: 10/15 levels left

rFire    . . .     SeeInvis .   l - +2 dagger (venom)
rCold    . . .     Faith    .   (no shield)
rNeg     . . .     Spirit   .   b - +0 robe
rPois    .         Reflect  .   (no helmet)
rElec    .         Harm     .   (no cloak)
rCorr    .         Rampage  .   (no gloves)
Will     .....                  (no boots)
Stlth    +.........             (no amulet)
HPRegen  0.14/turn              (no ring)
MPRegen  0.13/turn              (no ring)

@: confused, brilliant, hasted, very quick
A: fangs 1, strong nose, distributed training
a: no special abilities


You were on level 3 of the Dungeon.
You visited 1 branch of the dungeon, and saw 3 of its levels.

You collected 44 gold pieces.

Inventory:

Hand Weapons
 a - a +1 dagger
 l - a +2 dagger of venom (weapon)
Missiles
 h - a throwing net
Armour
 b - a +0 robe (worn)
Wands
 d - a wand of iceblast (10)
Scrolls
 e - a scroll of vulnerability
 i - a scroll of holy word {unknown}
 j - a scroll of magic mapping {unknown}
 k - a scroll of fog {unknown}
Potions
 c - 2 potions of mutation
 g - a potion of brilliance


   Skills:
 + Level 1.7 Fighting
 + Level 3.1 Short Blades
 + Level 1.7 Long Blades
 + Level 1.7 Axes
 + Level 1.7 Maces & Flails
 + Level 1.7 Polearms
 + Level 1.7 Staves
 + Level 1.7 Slings
 + Level 1.7 Bows
 + Level 1.7 Crossbows
 + Level 1.7 Throwing
 + Level 1.7 Armour
 + Level 4.9 Dodging
 + Level 6.2 Stealth
 + Level 1.7 Shields
 + Level 1.7 Unarmed Combat
 + Level 5.3 Spellcasting
 + Level 1.3 Conjurations
 + Level 5.6 Hexes
 + Level 1.3 Summonings
 + Level 1.3 Necromancy
 + Level 1.3 Translocations
 + Level 1.3 Transmutations
 + Level 1.3 Fire Magic
 + Level 1.3 Ice Magic
 + Level 1.3 Air Magic
 + Level 1.3 Earth Magic
 + Level 1.3 Poison Magic
 + Level 2.0 Invocations
 + Level 1.7 Evocations


You had 10 spell levels left.
You knew the following spells:

 Your Spells              Type           Power      Damage    Failure   Level
b - Ensorcelled Hibernat  Hex/Ice        48%        N/A       4%          2
c - Tukima's Dance        Hex            35%        N/A       4%          3

Your spell library contained the following spells:

 Spells                   Type           Power      Damage    Failure   Level
 Corona                   Hex            38%        N/A       1%          1
 Confusing Touch          Hex            35%        N/A       4%          3
 Dazzling Flash           Conj/Hex       48%        N/A       10%         3
 Passage of Golubria      Tloc           N/A        N/A       61%         4
 Yara's Violent Unravell  Hex/Tmut       12%        3d7       67%         5


Dungeon Overview and Level Annotations

Branches:
Dungeon (3/15)

Altars:

Shops:
D:2 ?


Innate Abilities, Weirdness & Mutations

You have very sharp teeth.
Your uncanny sense of smell can sniff out nearby items.
Your experience applies equally to all skills.


Message History

Something hits you.
A magic dart appears from out of thin air!
The magic dart hits you!
* * * LOW HITPOINT WARNING * * *
You hear some strange, mumbled words.
You are confused.
There is an open door here.
You are too confused!
You are too confused!
You are too confused!
You are too confused!
You are too confused!
You are too confused!
You are too confused!
You are too confused!
You are too confused!
You are too confused!
You are too confused!
You are too confused!
You are too confused!
You are too confused!
It was a potion of brilliance.
You feel clever all of a sudden.
It was a potion of haste.
You feel yourself speed up.
You bump into the rock wall.
You're too confused to move!
The orc wizard mumbles some strange words.
The orc wizard flickers and vanishes!
You bump into the rock wall.
You feel less confused.
You hear some strange, mumbled words.
You are confused.
You miss something.
You bump into the rock wall.
Something hits you.
* * * LOW HITPOINT WARNING * * *
You bump into the rock wall.
You hear some strange, mumbled words.
A puff of flame appears from out of thin air!
The puff of flame hits you!
You die...

..)##......###..........##
.##............##.#####.#
.##.....)......+......#.#
.##...#####....##...#.#.#
.##...# #....##.....#.#
.##...# #....##...###.#
###########....##.......#
###.........#####..######
............'.{.@..#
............######.#
.............# #.#
.............# #.#
##########...# #.# #...#
#.# ##### #.# #.# #.#


There were no monsters in sight!

Vanquished Creatures
  A scorpion (D:3)
  An orc priest (D:3)
  Ijyb (D:3)
  5 adders
  2 worms
  2 dart slugs
  3 orcs (D:3)
  2 ball pythons
  5 bats
  5 endoplasms
  13 giant cockroaches
  A goblin (D:2)
  2 hobgoblins
  3 quokkas
  3 frilled lizards (D:2)
  7 kobolds
  4 rats
60 creatures vanquished.

Notes
Turn   | Place    | Note
-------+----------+-------------------------------------------
     0 | D:1      | zeram the Gnoll Enchanter began the quest for the Orb.
     0 | D:1      | Reached XP level 1. HP: 13/13 MP: 6/6
   284 | D:1      | Reached XP level 2. HP: 4/19 MP: 7/7
   522 | D:1      | Learned a level 2 spell: Ensorcelled Hibernation
   630 | D:1      | Found a faded altar of an unknown god.
   828 | D:2      | Found Zoushrizo's Magic Scroll Emporium.
  1257 | D:2      | Reached skill level 6 in Stealth
  1257 | D:2      | Reached skill level 5 in Spellcasting
  1257 | D:2      | Reached XP level 3. HP: 6/25 MP: 4/9
  1544 | D:2      | Reached skill level 1 in Invocations
  1861 | D:2      | Reached skill level 1 in Fighting
  1861 | D:2      | Reached skill level 1 in Long Blades
  1861 | D:2      | Reached skill level 1 in Axes
  1861 | D:2      | Reached skill level 1 in Maces & Flails
  1861 | D:2      | Reached skill level 1 in Polearms
  1861 | D:2      | Reached skill level 1 in Staves
  1861 | D:2      | Reached skill level 1 in Slings
  1861 | D:2      | Reached skill level 1 in Bows
  1861 | D:2      | Reached skill level 1 in Crossbows
  1861 | D:2      | Reached skill level 1 in Throwing
  1861 | D:2      | Reached skill level 1 in Armour
  1861 | D:2      | Reached skill level 1 in Shields
  1861 | D:2      | Reached skill level 1 in Unarmed Combat
  1861 | D:2      | Reached skill level 1 in Evocations
  1968 | D:2      | Reached XP level 4. HP: 32/32 MP: 11/11
  2329 | D:3      | Learned a level 3 spell: Tukima's Dance
  2690 | D:3      | Noticed a scorpion
  2699 | D:3      | Killed a scorpion
  2700 | D:3      | Reached skill level 1 in Conjurations
  2700 | D:3      | Reached skill level 1 in Summonings
  2700 | D:3      | Reached skill level 1 in Necromancy
  2700 | D:3      | Reached skill level 1 in Translocations
  2700 | D:3      | Reached skill level 1 in Transmutations
  2700 | D:3      | Reached skill level 1 in Fire Magic
  2700 | D:3      | Reached skill level 1 in Ice Magic
  2700 | D:3      | Reached skill level 1 in Air Magic
  2700 | D:3      | Reached skill level 1 in Earth Magic
  2700 | D:3      | Reached skill level 1 in Poison Magic
  2700 | D:3      | Reached XP level 5. HP: 37/37 MP: 3/12
  2854 | D:3      | Noticed Ijyb
  2889 | D:3      | HP: 1/37 [Ijyb (3)]
  2890 | D:3      | Killed Ijyb
  3654 | D:3      | Reached XP level 6. HP: 26/44 MP: 4/13
  3677 | D:3      | Killed from afar by an orc wizard

Illustrated notes

Levels and vault maps discovered:
D:1:      lightli_arrival_windingriver, layout_loops_cross,
          ebering_ecumenical_altar_mist, nrook_mini_backslash
D:2:      minmay_angry_zag, layout_rooms, serial_shops,
          nicolae_shop_temple_entry_statues_fountains, serial_co_window_serial,
          co_window_of_opportunity_a, co_window_of_opportunity_a,
          co_window_paths_a, co_window_corner_a, co_window_corner_a,
          co_window_corner_a, co_window_corner_a, co_window_cross_2,
          co_window_broadway_b, co_window_paths_c, co_window_corner_ca
D:3:      minmay_roachtagon, layout_basic, uniq_ijyb

Skill      XL: |  1  2  3  4  5  6 |
---------------+-------------------+-----
Stealth        | 6 |  6.2
Spellcasting   | 5 |  5.3
Invocations    | 1 2 |  2.0
Fighting       | 1 |  1.7
Long Blades    | 1 |  1.7
Axes           | 1 |  1.7
Maces & Flails | 1 |  1.7
Polearms       | 1 |  1.7
Staves         | 1 |  1.7
Slings         | 1 |  1.7
Bows           | 1 |  1.7
Crossbows      | 1 |  1.7
Throwing       | 1 |  1.7
Armour         | 1 |  1.7
Shields        | 1 |  1.7
Unarmed Combat | 1 |  1.7
Evocations     | 1 |  1.7
Conjurations   | 1 |  1.3
Summonings     | 1 |  1.3
Necromancy     | 1 |  1.3
Translocations | 1 |  1.3
Transmutations | 1 |  1.3
Fire Magic     | 1 |  1.3
Ice Magic      | 1 |  1.3
Air Magic      | 1 |  1.3
Earth Magic    | 1 |  1.3
Poison Magic   | 1 |  1.3
Short Blades   | 3 |  3.1
Dodging        | |  4.9
Hexes          | |  5.6

Action                   |  1- 3 |  4- 6 || total
-------------------------+-------+-------++-------
Melee: Dagger            |    85 |   104 ||   189
       Bite              |     6 |     7 ||    13
 Cast: Corona            |     2 |       ||     2
       Ensorcelled Hiber |     8 |    19 ||    27
  Use: Scroll            |     4 |     2 ||     6
       Potion            |       |     3 ||     3
 Stab: Sleeping          |    16 |    21 ||    37
Armor: Robe              |    11 |    17 ||    28
Dodge: Dodged            |    58 |    59 ||   117
